 Dungeon Crawl Stone Soup version 0.28.0-53-g5a82cb258f (webtiles) character file.

Game seed: 4642767790978236046

1194 PentaManta the Grappler (level 8, 0/61 HPs)
             Began as a Ghoul Gladiator on June 16, 2022.
             Was an Initiate of Makhleb.
             Slain by an ogre
             ... wielding a +0 giant spiked club
              (16 damage)
             ... on level 6 of the Dungeon.
             The game lasted 00:08:17 (6080 turns).

PentaManta the Grappler (Ghoul Gladiator)           Turns: 6080, Time: 00:08:19

Health: 0/61       AC:  7    Str: 20    XL:     8   Next: 44%
Magic:  7/7        EV: 10    Int:  3    God:    Makhleb [......]
Gold:   1583       SH:  0    Dex: 10    Spells: 7/7 levels left

rFire   . . .      SeeInvis .     - Unarmed
rCold   + . .      Faith    .   (no shield)
rNeg    + + +      Spirit   .   f - +0 scale mail
rPois   ∞          Reflect  .   b - +0 helmet
rElec   .          Harm     .   s - scarf {repulsion}
rCorr   .          Rampage  .   (no gloves)
Will    .....                   (no boots)
Stlth   ..........              (no amulet)
HPRegen 0.00/turn               (no ring)
MPRegen 0.10/turn               (no ring)

@: inhibited regen, repel missiles
A: claws 1, cold resistance 1, negative energy resistance 3, inhibited
regeneration, torment resistance 2
a: Renounce Religion


You were on level 6 of the Dungeon.
You worshipped Makhleb.
Makhleb was noncommittal.
You visited 2 branches of the dungeon, and saw 7 of its levels.
You also visited: Sewer.

You collected 1583 gold pieces.

Inventory:

Hand Weapons
 r - a +2 dagger of venom
Missiles
 c - 3 throwing nets
 q - 4 javelins (quivered)
Armour
 a - a +0 ring mail of cold resistance
 b - a +0 helmet (worn)
 f - a +0 scale mail (worn)
 n - a scarf of harm
 s - a scarf of repulsion (worn)
 t - a +0 cloak
Jewellery
 p - a +6 ring of intelligence
Wands
 v - a wand of flame (21)
Scrolls
 j - 2 scrolls of teleportation
 o - a scroll of enchant armour {unknown}
 u - a scroll of holy word {unknown}
 w - a scroll of identify
Potions
 d - 3 potions of might
 e - a potion of attraction
 g - a potion of flight {unknown}
 h - 2 potions of lignification
 i - 5 potions of heal wounds
 k - 2 potions of magic {unknown}
 l - a potion of resistance {unknown}
 m - a potion of haste {unknown}


   Skills:
 - Level 2.1 Fighting
 - Level 1.7 Throwing
 - Level 2.6 Dodging
 + Level 11.2 Unarmed Combat


You had 7 spell levels left.
You didn't know any spells.
Your spell library contained the following spells:

 Spells                   Type           Power      Damage    Failure   Level
 Magic Dart               Conj           0%         1d3       88%         1
 Sting                    Tmut/Pois      0%         1d3       88%         1
 Poisonous Vapours        Pois/Air       0%         N/A       95%         2
 Searing Ray              Conj           0%         2d4       95%         2
 Fulminant Prism          Conj/Hex       0%         3d6       100%        4
 Olgreb's Toxic Radiance  Pois           0%         N/A       100%        4


Dungeon Overview and Level Annotations

Branches:
Dungeon (6/15)             Temple (1/1) D:6           Sewer (visited)

Altars:
Cheibriados
Dithmenos
Elyvilon
Fedhas
Gozag
Hepliaklqana
Kikubaaqudgha
Makhleb
Nemelex Xobeh
Okawaru
Qazlal
Sif Muna
Vehumet
Wu Jian
Yredelemnul


Innate Abilities, Weirdness & Mutations

You thrive by killing the living.
You are immune to poison.
You have sharp fingernails.
Your flesh is cold resistant. (rC+)
You are immune to negative energy. (rN+++)
You do not regenerate when monsters are visible.
You are immune to unholy pain and torment.


Message History

You see here 9 stones.
You open the door.
There is an open door here.
You open the door.
There is an open door here.
As you open the door, it creaks loudly!
There is an open door here.
You open the door.
There is an open door here.
As you open the door, it creaks loudly!
There is an open door here.
Found a staircase to the Ecumenical Temple.
You see here a ring of positive energy.
i - 5 potions of heal wounds (gained 1)
You open the door.
An ogre comes into view. It is wielding a +0 giant spiked club.
The ogre shouts!
The ogre moves out of view.
There is an open door here.
There is a staircase to the Ecumenical Temple here.
You climb downwards.
Welcome to the Ecumenical Temple!
Found fifteen altars.
There is a staircase back to the Dungeon here.
There is a burning altar of Makhleb here.
You kneel at the altar of Makhleb.
Makhleb welcomes you!
There is a staircase back to the Dungeon here.
You climb upwards.
Welcome back to the Dungeon!
The ogre hits you with a +0 giant spiked club!!
There is a staircase to the Ecumenical Temple here.
You barely miss the ogre.
The ogre hits you with a +0 giant spiked club!!
* * * LOW HITPOINT WARNING * * *
Throw: 5 javelins
Press: ? - help, Q - select action, (/) - cycle Shift-Dir - straight line, f - ogre
Aim: an ogre, wielding a +0 giant spiked club (72% to hit)
You throw a javelin. The javelin pierces through the ogre!
The ogre is moderately wounded.
The ogre hits you with a +0 giant spiked club!
You die...

#...###..=.....#
#(#............#####
#...#...##..........
#....#.#..#.........
#.#..#....#.........
#..##....#...+######
#.....>.....#.#
#..#...O##..#.#
#.#....#@.#.#.#
#.#..#.#....#.#
#..##...#.....#
##........###.#
########## #.# #.#


You could see an ogre.

Vanquished Creatures
  Edmund (D:5)
  An ice beast (D:5)
  2 centaurs
  Blork the orc (D:5)
  A scorpion (D:6)
  A water moccasin skeleton (D:5)
  5 jellies
  Natasha (thrice) (D:4)
  3 iguanas
  2 hound skeletons
  A howler monkey zombie (D:5)
  Robin (D:4)
  5 gnolls
  A howler monkey skeleton (D:6)
  8 adders
  4 river rats
  2 worms
  3 dart slugs
  6 bats
  21 endoplasms
  8 giant cockroaches
  15 goblins
  14 hobgoblins
  5 kobolds
  3 quokkas
  12 ball pythons
  11 frilled lizards
  6 rats
146 creatures vanquished.

Notes
Turn   | Place    | Note
-------+----------+-------------------------------------------
     0 | D:1      | PentaManta the Ghoul Gladiator began the quest for the Orb.
     0 | D:1      | Reached XP level 1. HP: 17/17 MP: 0/0
    63 | D:1      | Reached skill level 4 in Unarmed Combat
    63 | D:1      | Reached XP level 2. HP: 4/24 MP: 1/1
   442 | D:1      | Reached XP level 3. HP: 28/29 MP: 2/2
   920 | D:1      | Found a faded altar of an unknown god.
  1126 | D:2      | Reached skill level 5 in Unarmed Combat
  1238 | D:2      | Reached XP level 4. HP: 24/36 MP: 3/3
  1841 | D:2      | You fall into a shaft and drop 1 floor!
  1942 | D:3      | Found a glowing drain.
  1953 | D:3      | Reached skill level 6 in Unarmed Combat
  1966 | Sewer    | Entered a sewer
  1977 | Sewer    | Reached XP level 5. HP: 36/41 MP: 4/4
  2313 | Sewer    | Found a shimmering altar of Xom.
  2457 | Sewer    | Reached skill level 7 in Unarmed Combat
  2608 | Sewer    | Reached XP level 6. HP: 48/48 MP: 5/5
  3173 | D:3      | Reached skill level 8 in Unarmed Combat
  3549 | D:4      | Noticed Robin
  3720 | D:4      | Killed Robin
  3721 | D:4      | Reached XP level 7. HP: 49/55 MP: 6/6
  3947 | D:4      | HP: 2/55 [gnoll/+0 flail (10)]
  4258 | D:4      | Noticed Natasha
  4263 | D:4      | Killed Natasha
  4320 | D:4      | Identified a scroll of acquirement
  4320 | D:4      | Acquired 1336 gold pieces
  4365 | D:4      | Noticed Natasha
  4371 | D:4      | Killed Natasha
  4372 | D:4      | Reached skill level 9 in Unarmed Combat
  4398 | D:4      | Noticed Natasha
  4405 | D:4      | Killed Natasha
  4722 | D:5      | Entered Level 5 of the Dungeon
  5092 | D:5      | Noticed Edmund
  5105 | D:5      | Killed Edmund
  5106 | D:5      | Reached skill level 10 in Unarmed Combat
  5106 | D:5      | Reached XP level 8. HP: 32/61 MP: 7/7
  5596 | D:5      | Noticed Blork the orc
  5604 | D:5      | Killed Blork the orc
  5679 | D:5      | Reached skill level 11 in Unarmed Combat
  6010 | D:6      | Found a staircase to the Ecumenical Temple.
  6061 | Temple   | Entered the Ecumenical Temple
  6068 | Temple   | Became a worshipper of Makhleb the Destroyer
  6080 | D:6      | Slain by an ogre

Illustrated notes

Levels and vault maps discovered:
D:1:      kennysheep_arrival_seaside, layout_loops_ring,
          shapermc_ecumenical_altar_notcrosses, hex_large, minivault_19,
          minmay_tiny_reverse_x
D:2:      layout_basic
D:3:      layout_loops_cross, portal_sewer_entry_b, corner_web_ring,
          hangedman_feature_mirror, moated_statue, kennysheep_big_empty_room
D:4:      layout_basic, uniq_natasha, uniq_robin
D:5:      layout_loops_ring, uniq_blork_the_orc, uniq_edmund
D:6:      nicolae_cairo_tiling_large, layout_basic,
          minmay_temple_entry_mini_moons
Temple:   nicolae_temple_no_exploring_needed

Skill      XL: |  1  2  3  4  5  6  7  8 |
---------------+-------------------------+-----
Unarmed Combat | 4 5 6 7 8 10 11 | 11.2
Fighting       | |  2.1
Throwing       | |  1.7
Dodging        | |  2.6

Action                   |  1- 3 |  4- 6 |  7- 9 || total
-------------------------+-------+-------+-------++-------
Melee: Unarmed           |    85 |   227 |   134 ||   446
       Punch             |     1 |    12 |     6 ||    19
Throw: Throwing net      |     1 |     2 |     2 ||     5
       Javelin           |       |       |     5 ||     5
  Use: Scroll            |       |     3 |     3 ||     6
 Stab: Sleeping          |     1 |       |       ||     1
Armor: Leather armour    |    21 |       |       ||    21
       Scale mail        |    19 |    83 |    25 ||   127
Dodge: Dodged            |    67 |    84 |    51 ||   202
